Unix NetHack Version 3.7.0-53 Work-in-progress - last build Apr 18 2022 03:42:42 (02b85442fffe0e2954e411e09df771b56fe27bbc,branch:master). Game began 2022-04-26 09:39:04, ended 2022-04-26 10:20:04. elenmirie, neutral female gnomish Healer --- ---..-- -##. |.....- ---- ---#.... --.---...-- |..| ---- |........ --. ....|--....-- ----..| |.... ..--....-# --.....--|........| |....-- |..... ..---#..####.-..... ........| |........-- |.---- --..... ... #-##......................| --........| --.- -......... ##*##...---.........*.....----........-- ---...----- |.......... -####.... .......|.|.......*...........| --......--.-- |.-- ...... .........- --.....---<..*.....| |...........| .-- ..... ..#---##.-- |.......--- ---....*....| .|....### ##- ......-- -.......- --....# #** ----..-- -----....|....| |.... 0## ##-.....i. -...|-......-- ....-- --- ###*##......i@. --.|..--...| --....| #*##........^ |...-|--..| |....-| #-. |..%.| ---- --....| --...| --..-- --.-- --- Elenmirie the Rhizotomist St:8 Dx:8 Co:15 In:11 Wi:16 Ch:16 Neutral Dlvl:6 $:1723 HP:0(16) Pw:5(5) AC:7 Xp:1/2 T:2517 Burdened Latest messages: The cave spider bites! You hear some noises in the distance. You hear some noises in the distance. You are carrying too much to get through. You hear crashing rock. You see here 10 rocks. You hear crashing rock. You feel tough! You must have been leading a healthy life-style. You see here 11 rocks. You see here 8 rocks. You swap places with Coco. KAABLAMM!!! You triggered a land mine! Your movements are slowed slightly because of your load. You hear the wailing of the Banshee... You fall into a pit! You die... But wait... Your medallion begins to glow! You feel much better! The medallion crumbles to dust! You survived that attempt on your life. You are not using any tools. You hear some noises in the distance. You find a trap door. You stop searching. You are still in a pit. The manes hits! The manes hits! The manes bites! You already found a monster. Use 'm' prefix to force another search. What do you want to use or apply? [ch-krxJLNO or ?*] ? Your lamp is now on. The manes hits! The manes hits! The manes bites! You are still in a pit. You are still in a pit. It bites the manes. The manes misses it. The manes misses it. The manes misses it. The manes hits! The manes hits! You die... Do you want your possessions identified? [ynq] (y) y Do you want to see your attributes? [ynq] (y) y Do you want an account of creatures vanquished? [ynaq] (y) y Do you want to see your conduct and achievements? [ynq] (y) y Do you want to see the dungeon overview? [ynq] (y) y Major events: Turn 1: elenmirie the neutral female gnomish Healer entered the dungeon 1603: entered the Gnomish Mines 2499: averted death (fell into a pit) 2517: killed by a manes Inventory: Coins $ - 1723 gold pieces Weapons G - 3 uncursed +1 daggers D - 2 uncursed +0 daggers s - an uncursed +0 orcish dagger H - 2 cursed -1 orcish daggers a - an uncursed +0 scalpel F - an uncursed +0 scimitar (weapon in hand) Armor E - an uncursed +0 orcish helm (being worn) I - an uncursed +0 orcish helm b - an uncursed +1 pair of leather gloves (being worn) Comestibles q - a cursed tripe ration Scrolls t - an uncursed scroll of identify B - an uncursed scroll of light n - an uncursed scroll of remove curse o - an uncursed scroll of teleportation K - an uncursed scroll of teleportation Spellbooks j - a blessed spellbook of extra healing i - a blessed spellbook of healing L - an uncursed spellbook of identify k - a blessed spellbook of stone to flesh Potions f - a blessed potion of extra healing g - 3 uncursed potions of extra healing p - an uncursed potion of see invisible Wands h - an uncursed wand of sleep (0:6) Tools x - an uncursed blindfold O - an uncursed magic marker (0:64) N - an uncursed oil lamp (lit) c - an uncursed stethoscope J - an uncursed tin opener r - an uncursed tin whistle Elenmirie the Healer's attributes: Background: You were a Rhizotomist, a level 1 female gnomish Healer. You were neutral, on a mission for Hermes who was opposed by Athena (lawful) and Poseidon (chaotic). You were in the Gnomish Mines, on level 6. You entered the dungeon 2517 turns ago. You had 2 experience points, 18 more were needed to attain level 2. Basics: You had 0 out of 16 hit points. You had all 5 energy points (spell power). Your armor class was 7. Your wallet contained 1723 zorkmids. Autopickup was on for '$' plus thrown. Final Characteristics: Your strength was 8 (limit:18/50). Your dexterity was 8 (base:9, limit:18). Your constitution was 15 (peak:16, limit:18). Your intelligence was 11 (limit:19). Your wisdom was 16 (limit:18). Your charisma was 16 (limit:18). Final Status: You were trapped in a pit. You had wounded legs. You were not hungry. You were burdened; movement was slightly slowed. You were wielding a scimitar. You were unskilled in scimitar. Final Attributes: You were fervently aligned. You were poison resistant. You had infravision. You are dead (2nd time!). Miscellaneous: You never encountered a bones level. Total elapsed playing time was 40 minutes and 53 seconds. Vanquished creatures: 2 dwarves 4 orc zombies 2 acid blobs a coyote a hobbit a manes a large kobold a hobgoblin 2 cave spiders a brown mold a red mold 5 gnomes 2 gnome zombies 2 geckos 2 jackals 3 foxes a kobold 6 goblins 8 grid bugs 3 lichens 5 newts 54 creatures vanquished. No species were genocided or became extinct. Voluntary challenges: You were illiterate. You never engraved Elbereth. You never genocided any monsters. You never polymorphed an object. You never changed form. You used no wishes. Achievement: You entered the Gnomish Mines. The Dungeons of Doom: levels 1 to 4 Level 1: Some fountains. Level 2: A fountain. Level 3: An altar, a grave. Stairs down to The Gnomish Mines. Level 4: The Gnomish Mines: levels 4 to 6 Level 4: Level 5: Level 6: <- You were here. Final resting place for you, killed by a manes. Game over: ---------- / \ / REST \ / IN \ / PEACE \ / \ | elenmirie | | 1723 Au | | killed by a | | manes | | | | | | 2022 | *| * * * | * _________)/\\_//(\/(/\)/\//\/|_)_______ Goodbye elenmirie the Healer... You died in The Gnomish Mines on dungeon level 6 with 444 points, and 1723 pieces of gold, after 2517 moves. You were level 1 with a maximum of 16 hit points when you died.